General information
- name: BNet
- type: Ladder team game (AT/RT)
- host: Battle.net
- saver: PeacefulHuman
map: Mur'gulOasis
- players: 8
- length: 13:43
- speed: Fast
- version: 1.27 W3XP
- replay type: Public
» download(92 KB)
Players
team 1 (loser)

»
NewAccBcNoGame (
green | 62 APM | 755 actions | 12:08)
4 Keeper of the Grove
2 Entangling Roots
2 Force of Nature
1 Priestess of the Moon
1 Trueshot Aura
» actions
| Assign group hotkey | 14 | |
| Basic commands | 14 | |
| Build / train | 39 | |
| ESC pressed | 2 | |
| Enter build submenu | 18 | |
| Enter hero's abilities submenu | 5 | |
| Remove unit from queue | 1 | |
| Right click | 322 | |
| Select / deselect | 176 | |
| Select group hotkey | 132 | |
| Use ability | 32 | |
755 total
» units
| Wisp | 13 | |
| Archer | 4 | |
| Huntress | 2 | |
| Makrura Snapper | 2 | |
| Giant Sea Turtle | 2 | |
| Mur'gul Snarecaster | 1 | |
| Makrura Deepseer | 1 | |
25 total
» upgrades
| Druid of the Talon Training | 2 | |
2 total
» buildings
| Altar of Elders | 1 | |
| Moon Well | 5 | |
| Ancient of War | 1 | |
| Ancient of Wonders | 1 | |
| Hunter's Hall | 1 | |
| Tree of Ages | 3 | |
| Ancient of Wind | 3 | |
| Tree of Eternity | 2 | |
| Chimaera Roost | 3 | |
20 total
» build order
00:06 Altar of Elders
00:18 Moon Well
00:34 Ancient of War
01:32 Moon Well
02:18 Ancient of Wonders
02:44 Hunter's Hall
03:33 Tree of Ages
03:33 Tree of Ages
03:50 Moon Well
05:17 Moon Well
07:05 Ancient of Wind
07:07 Ancient of Wind
07:11 Tree of Eternity
08:26 Tree of Eternity
08:29 Ancient of Wind
10:22 Chimaera Roost
10:25 Chimaera Roost
11:00 Chimaera Roost
11:14 Moon Well

»
Revann (
pink | 31 APM | 257 actions | 08:13)
2 Pit Lord
1 Rain of Fire
1 Cleaving Attack
» actions
| Assign group hotkey | 4 | |
| Build / train | 29 | |
| Enter build submenu | 18 | |
| Enter hero's abilities submenu | 2 | |
| Right click | 73 | |
| Select / deselect | 68 | |
| Select group hotkey | 38 | |
| Use ability | 25 | |
257 total
» units
» buildings
| Altar of Elders | 1 | |
| Moon Well | 9 | |
| Hunter's Hall | 1 | |
| Tree of Ages | 1 | |
| Ancient Protector | 6 | |
18 total
» build order
00:11 Altar of Elders
00:13 Moon Well
01:06 Moon Well
01:29 Moon Well
02:03 Moon Well
02:31 Hunter's Hall
03:06 Moon Well
03:45 Tree of Ages
03:54 Ancient Protector
04:06 Moon Well
04:38 Ancient Protector
05:05 Moon Well
05:14 Ancient Protector
05:58 Ancient Protector
06:19 Moon Well
06:25 Ancient Protector
06:54 Moon Well
07:33 Ancient Protector
PeacefulHuman (
blue | 53 APM | 723 actions | 13:43)
» actions
| Assign group hotkey | 70 | |
| Build / train | 111 | |
| ESC pressed | 1 | |
| Enter build submenu | 46 | |
| Right click | 208 | |
| Select / deselect | 95 | |
| Select group hotkey | 126 | |
| Use ability | 66 | |
723 total
» units
» upgrades
| Masonry | 2 | |
| Lumber Harvesting | 1 | |
| Well Spring | 1 | |
4 total
» buildings
| Farm | 15 | |
| Lumber Mill | 2 | |
| Scout Tower | 31 | |
| Guard Tower | 61 | |
| Arcane Tower | 11 | |
| Keep | 2 | |
| Altar of Kings | 1 | |
| Castle | 5 | |
128 total
» build order
01:18 Farm
01:21 Lumber Mill
01:25 Farm
01:53 Farm
01:58 Farm
02:03 Scout Tower
02:05 Scout Tower
02:14 Scout Tower
02:16 Scout Tower
02:30 Guard Tower
02:30 Guard Tower
02:31 Guard Tower
02:35 Guard Tower
02:35 Guard Tower
02:36 Guard Tower
02:42 Guard Tower
02:42 Guard Tower
02:42 Guard Tower
02:52 Guard Tower
02:52 Guard Tower
02:53 Guard Tower
03:08 Scout Tower
03:45 Scout Tower
03:47 Scout Tower
03:52 Scout Tower
04:07 Scout Tower
04:08 Lumber Mill
04:13 Guard Tower
04:13 Guard Tower
04:13 Guard Tower
04:14 Guard Tower
04:22 Scout Tower
04:27 Arcane Tower
04:27 Arcane Tower
04:28 Arcane Tower
04:28 Arcane Tower
04:28 Arcane Tower
04:29 Guard Tower
04:29 Guard Tower
04:29 Guard Tower
04:42 Scout Tower
04:44 Arcane Tower
04:45 Arcane Tower
04:45 Arcane Tower
04:48 Guard Tower
04:48 Guard Tower
04:49 Guard Tower
05:15 Guard Tower
05:15 Guard Tower
05:21 Farm
05:23 Farm
05:47 Keep
06:43 Scout Tower
06:44 Scout Tower
06:45 Scout Tower
06:46 Scout Tower
06:48 Scout Tower
06:50 Scout Tower
07:08 Scout Tower
07:09 Scout Tower
07:12 Scout Tower
07:15 Scout Tower
07:16 Scout Tower
07:20 Scout Tower
07:23 Guard Tower
07:24 Guard Tower
07:24 Guard Tower
07:32 Farm
07:33 Farm
07:35 Farm
07:38 Farm
07:39 Farm
07:44 Farm
07:46 Farm
07:55 Scout Tower
08:06 Guard Tower
08:06 Guard Tower
08:06 Guard Tower
08:06 Guard Tower
08:28 Guard Tower
08:28 Guard Tower
08:28 Guard Tower
08:29 Guard Tower
08:41 Farm
08:46 Farm
09:26 Altar of Kings
09:47 Scout Tower
09:48 Scout Tower
09:51 Scout Tower
09:52 Scout Tower
09:55 Scout Tower
10:01 Scout Tower
10:03 Scout Tower
10:27 Guard Tower
10:28 Guard Tower
10:28 Guard Tower
10:28 Guard Tower
10:31 Guard Tower
10:31 Guard Tower
10:31 Guard Tower
10:36 Guard Tower
10:37 Guard Tower
10:37 Guard Tower
11:21 Castle
11:21 Castle
11:22 Castle

»
360 (
teal | 102 APM | 1229 actions | 12:01)
4 Keeper of the Grove
2 Force of Nature
1 Thorns Aura
1 Entangling Roots
2 Priestess of the Moon
1 Searing Arrows
1 Trueshot Aura
1 Pit Lord
1 Rain of Fire
» actions
| Assign group hotkey | 30 | |
| Basic commands | 32 | |
| Build / train | 76 | |
| Enter build submenu | 24 | |
| Enter hero's abilities submenu | 7 | |
| Remove unit from queue | 3 | |
| Right click | 310 | |
| Select / deselect | 357 | |
| Select group hotkey | 354 | |
| Use ability | 36 | |
1229 total
» units
| Wisp | 14 | |
| Archer | 16 | |
| Glaive Thrower | 1 | |
| Druid of the Talon | 5 | |
36 total
» upgrades
| Strength of the Moon | 1 | |
| Improved Bows | 1 | |
| Vorpal Blades | 1 | |
| Druid of the Talon Training | 2 | |
| Strength of the Wild | 2 | |
7 total
» buildings
| Ancient of War | 2 | |
| Altar of Elders | 1 | |
| Moon Well | 4 | |
| Tree of Ages | 6 | |
| Hunter's Hall | 1 | |
| Ancient of Wind | 1 | |
| Tree of Life | 2 | |
| Tree of Eternity | 3 | |
| Chimaera Roost | 2 | |
22 total
» build order
00:10 Ancient of War
00:19 Altar of Elders
00:24 Moon Well
01:56 Moon Well
03:10 Moon Well
03:49 Tree of Ages
03:50 Tree of Ages
03:50 Tree of Ages
03:50 Tree of Ages
04:28 Hunter's Hall
05:17 Moon Well
06:40 Ancient of Wind
07:53 Tree of Life
08:34 Tree of Eternity
08:34 Tree of Eternity
10:05 Ancient of War
10:49 Chimaera Roost
10:51 Chimaera Roost
11:36 Tree of Life
team 2 (winner)

»
themailman (
yellow | 33 APM | 459 actions | 13:43)
4 Blademaster
2 Critical Strike
1 Wind Walk
1 Mirror Image
2 Shadow Hunter
1 Healing Wave
1 Hex
» actions
| Build / train | 53 | |
| Enter build submenu | 16 | |
| Enter hero's abilities submenu | 6 | |
| Remove unit from queue | 1 | |
| Right click | 206 | |
| Select / deselect | 144 | |
| Use ability | 33 | |
459 total
» units
| Peon | 13 | |
| Troll Headhunter/Berserker | 8 | |
| Shaman | 2 | |
| Troll Witch Doctor | 2 | |
| Tauren | 4 | |
29 total
» upgrades
| Ranged Weapons | 1 | |
| Armor | 1 | |
| Spiked Barricades | 1 | |
| Troll Regeneration | 1 | |
| Berserker Upgrade | 1 | |
| Shaman Training | 2 | |
| Witch Doctor Training | 2 | |
| Pulverize | 1 | |
| Melee Weapons | 1 | |
11 total
» buildings
| Altar of Storms | 1 | |
| Orc Burrow | 7 | |
| War Mill | 1 | |
| Barracks | 2 | |
| Voodoo Lounge | 1 | |
| Stronghold | 1 | |
| Fortress | 1 | |
| Spirit Lodge | 2 | |
| Tauren Totem | 2 | |
18 total
» build order
00:23 Altar of Storms
00:42 Orc Burrow
00:53 War Mill
01:01 Barracks
01:56 Orc Burrow
02:29 Voodoo Lounge
03:38 Stronghold
03:54 Orc Burrow
04:37 Barracks
05:42 Orc Burrow
06:50 Fortress
07:34 Spirit Lodge
07:45 Spirit Lodge
08:40 Orc Burrow
09:21 Tauren Totem
09:25 Tauren Totem
12:18 Orc Burrow
12:25 Orc Burrow
» items

»
seafoodcake (
purple | 52 APM | 717 actions | 13:43)
4 Tauren Chieftain
2 War Stomp
2 Endurance Aura
2 Shadow Hunter
1 Healing Wave
1 Hex
2 Pandaren Brewmaster
1 Drunken Brawler
1 Drunken Haze
» actions
| Assign group hotkey | 16 | |
| Basic commands | 73 | |
| Build / train | 54 | |
| Enter build submenu | 15 | |
| Enter hero's abilities submenu | 8 | |
| Give item / drop item | 1 | |
| Remove unit from queue | 1 | |
| Right click | 187 | |
| Select / deselect | 181 | |
| Select group hotkey | 144 | |
| Use ability | 37 | |
717 total
» units
| Peon | 14 | |
| Grunt | 5 | |
| Tauren | 2 | |
| Shaman | 2 | |
23 total
» upgrades
| Armor | 1 | |
| Shaman Training | 2 | |
| Pulverize | 1 | |
| Melee Weapons | 1 | |
5 total
» buildings
| Altar of Storms | 1 | |
| Orc Burrow | 6 | |
| Barracks | 1 | |
| Voodoo Lounge | 1 | |
| Stronghold | 1 | |
| War Mill | 1 | |
| Fortress | 1 | |
| Spirit Lodge | 1 | |
| Great Hall | 1 | |
| Tauren Totem | 2 | |
| Watch Tower | 1 | |
17 total
» build order
00:09 Altar of Storms
00:14 Orc Burrow
01:09 Barracks
01:29 Orc Burrow
01:50 Voodoo Lounge
03:16 Stronghold
03:41 Orc Burrow
04:25 War Mill
04:57 Orc Burrow
06:54 Fortress
06:59 Spirit Lodge
08:40 Orc Burrow
09:15 Great Hall
09:24 Tauren Totem
09:27 Tauren Totem
10:17 Orc Burrow
10:24 Watch Tower
» items
| Healing Salve | 2 | |
| Lesser Clarity Potion | 4 | |
| Scroll of Speed | 1 | |
| Potion of Healing | 1 | |
| Orb of Lightning | 1 | |
9 total
ThePeonVillage (
orange | 24 APM | 329 actions | 13:43)
» actions
| Basic commands | 2 | |
| Build / train | 26 | |
| Enter build submenu | 57 | |
| Right click | 100 | |
| Select / deselect | 92 | |
| Use ability | 52 | |
329 total
» units
» upgrades
| Spiked Barricades | 2 | |
| Reinforced Defenses | 1 | |
3 total
» buildings
| Orc Burrow | 2 | |
| War Mill | 2 | |
| Watch Tower | 46 | |
| Stronghold | 1 | |
| Altar of Storms | 1 | |
| Fortress | 1 | |
| Voodoo Lounge | 1 | |
54 total
» build order
00:11 Orc Burrow
00:43 War Mill
01:55 Watch Tower
02:01 Watch Tower
02:20 Watch Tower
02:31 Watch Tower
02:50 Watch Tower
03:52 Stronghold
03:56 Watch Tower
03:59 Watch Tower
04:13 Watch Tower
04:21 Watch Tower
04:28 Watch Tower
05:31 Watch Tower
05:34 Watch Tower
05:36 Watch Tower
05:46 Watch Tower
05:47 Watch Tower
05:55 Watch Tower
06:12 Watch Tower
06:21 Altar of Storms
06:31 Orc Burrow
07:19 Watch Tower
07:30 Watch Tower
07:33 Watch Tower
07:35 Watch Tower
08:36 Watch Tower
08:38 Watch Tower
09:12 Fortress
09:43 Watch Tower
09:46 Watch Tower
09:56 Watch Tower
09:57 Watch Tower
09:59 Watch Tower
10:00 Watch Tower
10:01 Watch Tower
10:02 Watch Tower
10:05 Watch Tower
10:07 Watch Tower
10:27 War Mill
12:35 Voodoo Lounge
12:57 Watch Tower
12:58 Watch Tower
13:00 Watch Tower
13:01 Watch Tower
13:02 Watch Tower
13:03 Watch Tower
13:04 Watch Tower
13:05 Watch Tower
13:06 Watch Tower
13:08 Watch Tower
13:12 Watch Tower
13:13 Watch Tower
13:14 Watch Tower

»
Comon.Man (
red | 104 APM | 1426 actions | 13:43)
3 Mountain King
2 Storm Bolt
1 Bash
2 Archmage
1 Summon Water Elemental
1 Brilliance Aura
» actions
| Assign group hotkey | 21 | |
| Build / train | 66 | |
| Enter build submenu | 24 | |
| Enter hero's abilities submenu | 5 | |
| Remove unit from queue | 5 | |
| Right click | 553 | |
| Select / deselect | 290 | |
| Select group hotkey | 420 | |
| Use ability | 42 | |
1426 total
» units
| Peasant | 15 | |
| Footman | 6 | |
| Rifleman | 5 | |
| Dragonhawk Rider | 4 | |
| Gryphon Rider | 1 | |
| Sorceress | 3 | |
34 total
» upgrades
| Gunpowder | 1 | |
| Lumber Harvesting | 1 | |
| Sorceress Training | 2 | |
| Swords | 1 | |
| Cloud | 1 | |
6 total
» buildings
| Altar of Kings | 1 | |
| Farm | 9 | |
| Barracks | 1 | |
| Lumber Mill | 1 | |
| Blacksmith | 1 | |
| Scout Tower | 3 | |
| Arcane Vault | 1 | |
| Keep | 2 | |
| Guard Tower | 6 | |
| Gryphon Aviary | 1 | |
| Arcane Sanctum | 1 | |
| Castle | 2 | |
| Town Hall | 1 | |
30 total
» build order
00:12 Altar of Kings
00:16 Farm
00:46 Barracks
00:54 Farm
01:35 Lumber Mill
01:56 Farm
02:42 Blacksmith
02:51 Scout Tower
02:55 Farm
03:11 Arcane Vault
03:33 Keep
03:33 Keep
03:35 Guard Tower
03:36 Guard Tower
04:27 Farm
05:19 Farm
06:26 Gryphon Aviary
06:33 Arcane Sanctum
07:00 Scout Tower
07:03 Scout Tower
07:42 Castle
07:45 Guard Tower
09:20 Guard Tower
09:20 Guard Tower
11:22 Town Hall
12:18 Farm
12:20 Farm
12:52 Farm
» items
Chat log
(00:10 / Allies) NewAccBcNoGame: hi
(00:13 / Allies) NewAccBcNoGame: split rush please
(00:28 / Allies) 360: kk
(00:30 / All) Revann: ill wave at them? LOVE YOU ALL
(00:41 / Allies) NewAccBcNoGame: whatcha getting pink?
(00:43 / All) Revann: Peace for everyone!
(00:59 / All) Revann: one really annoing peacemaker
(01:13 / Allies) NewAccBcNoGame: if youre teching pink
(01:14 / Allies) NewAccBcNoGame: tell me
(01:37 / Allies) NewAccBcNoGame: ya
(01:39 / Allies) NewAccBcNoGame: hes teching
(01:41 / Allies) NewAccBcNoGame: and on edge
(01:43 / All) Revann: lol. i told you.
(01:44 / Allies) NewAccBcNoGame: dont rush
(01:59 / All) seafoodcake: who are you talking to, babe?
(02:07 / All) Revann: You, hun!
(02:18 / All) seafoodcake: then say my name
(02:35 / All) Revann: im olay thanks.
(02:43 / All) seafoodcake: hey olay
(02:50 / All) PeacefulHuman: I'm just a peaceful village elder
(02:55 / All) Revann: who will be my friend?
(02:59 / All) PeacefulHuman: peaceful human republic of honest working folk
(03:07 / All) ThePeonVillage: make peon village great again!
(03:30 / All) PeacefulHuman: I would trade with you if you weren't a bunch of stinking filthy orcs
(03:37 / All) PeacefulHuman: following the orcish voodoo religion
(03:50 / All) ThePeonVillage: we need to ban undead immigration until our village representatives can figure out what's going on
(04:14 / All) Revann: why ban? YOU ARE WEAK
(04:17 / All) Revann: kick their ass
(04:40 / All) ThePeonVillage: We are a peaceful peon village
(05:00 / All) ThePeonVillage: we're gonna build a wall and deport the undead
(05:01 / All) Revann: then you are weak and therefor unfit for this world
(05:11 / All) ThePeonVillage: the wall just got 10 towers deeper
(05:38 / Allies) NewAccBcNoGame: need catapults
(05:50 / All) PeacefulHuman: Are we gonna have to pay for that wall?
(05:51 / All) PeacefulHuman: wtf
(05:58 / All) seafoodcake: yes
(06:08 / All) ThePeonVillage: better one in the head than the walking dead
(06:14 / All) Comon.Man: haha, so lucy
(06:17 / All) Comon.Man: lucky
(06:24 / Allies) NewAccBcNoGame: we need to hit soon
(06:35 / Allies) PeacefulHuman: if they're gonna build a wall, so will I
(06:36 / All) Revann: teehee.
(06:42 / Allies) NewAccBcNoGame: wtf
(06:45 / Allies) NewAccBcNoGame: play a normal game
(06:49 / Allies) 360: come help me
(06:59 / Allies) PeacefulHuman: I'm against aggression
(07:02 / Allies) PeacefulHuman: I'm anti-war
(07:03 / Allies) PeacefulHuman: pro-peace
(07:22 / Allies) NewAccBcNoGame: go teal
(07:29 / All) Revann: how come i get the feeling oj and blue are really same team? lol
(07:39 / Allies) NewAccBcNoGame: blue
(07:40 / Allies) NewAccBcNoGame: get units
(07:45 / Allies) NewAccBcNoGame: or im gonna just fuckin kill your base and leave
(07:50 / Allies) PeacefulHuman: I have lots of peasants
(07:53 / All) ThePeonVillage: orcs and humies go together like oil and water
(07:59 / Allies) PeacefulHuman: I'm peaceful human village
(08:01 / Allies) PeacefulHuman: why attack me mang
(08:12 / Allies) NewAccBcNoGame: pink wtf u doing?
(08:13 / All) Revann: DAMNT my gf is awake and wants to watch kid. peace out
(08:14 / Allies) PeacefulHuman: They have a village on their team too
(08:24 / Allies) PeacefulHuman: so we're not a player down
(08:27 / Allies) PeacefulHuman: well we are now since pink sucks
(08:44 / All) NewAccBcNoGame: this game used to be fun
(08:48 / All) NewAccBcNoGame: now its full of retards
(08:49 / All) PeacefulHuman: it still is
(08:52 / All) ThePeonVillage: it's still fun
(08:52 / All) PeacefulHuman: I'm having lots of fun
(08:58 / All) PeacefulHuman: I play different from you so what?
(09:00 / All) PeacefulHuman: Is no fun allowed?
(09:01 / Allies) NewAccBcNoGame: playing tower defense
(09:05 / All) ThePeonVillage: that stress out over a game tho
(09:06 / All) PeacefulHuman: everyone has to conform to your way of fun, huh pal?
(09:07 / Allies) NewAccBcNoGame: why dont u play customs instead u idiot
(09:12 / Allies) PeacefulHuman: I play customs on ladder
(09:14 / Allies) PeacefulHuman: liek tower defense and dota
(09:41 / Allies) 360: b
(11:07 / Allies) 360: blue het some tanks
(11:20 / Allies) NewAccBcNoGame: blue is too busy being a fag
(11:26 / Allies) PeacefulHuman: No tanks
(11:28 / Allies) PeacefulHuman: no aggression
(11:33 / Allies) PeacefulHuman: I won't support your warfare
(13:41 / All) PeacefulHuman: gg I had a noob team